AoeStats
← AtilaTheHun

Arabia

510159618Analyzed
1v1 RM · 2d ago on Sep 29, 2026· 65m 36s· 2 players
Game mode
Random Map
Map size
Tiny (2 player)
Population
200
Speed
Normal
Resources
Standard
Victory
Conquest
Starting age
Dark Age
Ending age
Imperial Age
RankedLock teamsTeams togetherTeam positionsShared explorationLock speedFull tech treeHidden civsTurbo modeCheats
Victory
Defeat
🇲🇽 Vikings · Mexico
699
+14
🇵🇪 Byzantines · Peru
648
-14
AtilaTheHun
12:16 Feudal Age
10:31 Loom
12:54 Double-Bit Axe
14:49 Man-at-Arms
19:02 Forging
20:58 Scale Mail Armor
24:38 Wheelbarrow
25:23 Horse Collar
29:04 Castle Age
29:51 Horse Collar
30:25 Bow Saw
30:15 Gold Mining
30:44 Stone Mining
31:16 Hand Cart
31:06 Heavy Plow
34:15 Crossbowman
35:01 Thumb Ring
35:47 Padded Archer Armor
36:00 Fletching
41:34 Imperial Age
41:52 Bodkin Arrow
42:41 Conscription
42:58 Hoardings
42:05 Arbalester
42:36 Light Cavalry
46:05 Bracer
46:41 Iron Casting
46:22 Chain Mail Armor
46:23 Leather Archer Armor
46:14 Scale Barding Armor
46:10 Murder Holes
46:39 Ballistics
46:32 Elite Skirmisher
47:18 Squires
50:37 Treadmill Crane
50:24 Hussar
55:07 Cavalier
55:48 Husbandry
55:09 Heavy Camel Rider
58:11 Pikeman
62:34 Paladin
gilbertocamposgt
11:50 Feudal Age
10:06 Loom
14:26 Town Watch
14:05 Man-at-Arms
16:23 Forging
16:04 Fletching
16:05 Arson
16:37 Double-Bit Axe
18:07 Horse Collar
23:59 Castle Age
22:53 Stone Mining
22:57 Gold Mining
25:10 Town Patrol
25:28 Bow Saw
25:22 Heavy Plow
26:09 Iron Casting
25:35 Scale Mail Armor
26:18 Squires
28:17 Gold Shaft Mining
30:56 Chain Mail Armor
31:02 Chieftains
36:51 Imperial Age
38:08 Plate Mail Armor
38:39 Blast Furnace
38:45 Chemistry
37:26 Treadmill Crane
38:41 Conscription
39:21 Crop Rotation
39:22 Capped Ram
40:14 Bodkin Arrow
40:00 Elite Skirmisher
41:52 Heavy Scorpion
50:03 Elite Berserk
50:53 Siege Ram
51:52 Light Cavalry
52:21 Pikeman
52:22 Elite Varangian Guard
52:29 Elite Varangian Guard
53:22 Sappers
56:40 Two-Man Saw
57:42 Bogsveigar
63:43 Scale Barding Armor
63:40 Bracer
63:41 Padded Archer Armor
64:08 Ballistics
63:45 Murder Holes
64:01 Masonry
63:57 Siege Engineers
Connection lost

Rejoining the realm…

Still unreachable

The connection could not be restored.

Session expired

The server has moved on; the page needs a fresh start.